 Dungeon Crawl Stone Soup version 0.27.1-34-g3ba077fa99 (webtiles) character file.

Game seed: 5812177416871105197

4 cbfl8 the Magician (level 1, -3/14 HPs)
             Began as a Minotaur Wanderer on Jan 19, 2022.
             Slain by a goblin (7 damage)
             ... on level 1 of the Dungeon.
             The game lasted 00:00:31 (185 turns).

cbfl8 the Magician (Minotaur Wanderer)               Turns: 185, Time: 00:00:31

Health: -3/14      AC:  2    Str: 13    XL:     1   Next: 50%
Magic:  4/4        EV: 11    Int:  8    God:
Gold:   0          SH:  0    Dex: 13    Spells: 6/7 levels left

rFire    . . .     SeeInvis .   a - +0 club
rCold    . . .     Faith    .   (no shield)
rNeg     . . .     Spirit   .   b - +0 robe
rPois    .         Reflect  .   (helmet restricted)
rElec    .         Harm     .   (no cloak)
rCorr    .         Rampage  .   (no gloves)
Will     .....                  (no boots)
Stlth    ++........             (no amulet)
HPRegen  0.04/turn              (no ring)
MPRegen  0.09/turn              (no ring)

@: no status effects
A: horns 2, retaliatory headbutt
a: no special abilities


You were on level 1 of the Dungeon.
You visited 1 branch of the dungeon, and saw 1 of its levels.

Inventory:

Hand Weapons
 a - a +0 club (weapon)
 d - a +0 club
Armour
 b - a +0 robe (worn)
Scrolls
 c - a scroll of teleportation


   Skills:
 + Level 1.0 Stealth
 + Level 1.2 Shields
 + Level 3.8 Spellcasting
 + Level 1.3 Conjurations
 + Level 1.0 Hexes


You had 6 spell levels left.
You knew the following spells:

 Your Spells              Type           Power      Damage    Failure   Level
a - Magic Dart            Conj           12%        1d3       17%         1

Your spell library contained the following spells:

 Spells                   Type           Power      Damage    Failure   Level
 Sandblast                Erth           2%         2d4       30%         1
 Slow                     Hex            3%         N/A       30%         2
 Blink                    Tloc           N/A        N/A       41%         2
 Call Imp                 Summ           1%         N/A       41%         2
 Conjure Flame            Conj/Fire      2%         6-21      56%         3
 Stone Arrow              Conj/Erth      4%         3d7       56%         3
 Mephitic Cloud           Conj/Pois/Air  2%         N/A       58%         3


Dungeon Overview and Level Annotations

Branches:
Dungeon (1/15)

Altars:

Shops:
D:1 *


Innate Abilities, Weirdness & Mutations

You have a pair of horns on your head.
You reflexively headbutt those who attack you in melee.


Message History

The goblin hits you with a +0 club.
You closely miss the goblin. The goblin closely misses you.
You hit the goblin but do no damage. The goblin hits you but does no damage.
You closely miss the goblin. The goblin hits you with a +0 club.
The goblin completely misses you.
A goblin comes into view. It is wielding a +0 club.
You closely miss the goblin. The goblin hits you but does no damage.
You barely miss the goblin. The goblin hits you with a +0 club.
You hit the goblin.
You kill the goblin!
The goblin barely misses you.
You completely miss the goblin. Your headbutt misses the goblin.
The goblin hits you with a +0 club.
* * * LOW HITPOINT WARNING * * *
You hit the goblin.
The goblin is moderately wounded.
The goblin closely misses you.
You closely miss the goblin.
The goblin is moderately wounded.
The goblin barely misses you. The goblin hits you with a +0 club.
* * * LOW HITPOINT WARNING * * *
You closely miss the goblin. You headbutt the goblin.
You kill the goblin!
Things that are here:
a +0 club; a +0 club; a goblin corpse
d - a +0 club You start resting.
A goblin comes into view. It is wielding a +0 mace.
A goblin is nearby!
A goblin is nearby!
A goblin is nearby!
The goblin shouts!
You see here a +0 robe.
You barely miss the goblin. The goblin hits you with a +0 mace.
* * * LOW HITPOINT WARNING * * *
You hit the goblin. Your headbutt misses the goblin.
The goblin is heavily wounded.
The goblin barely misses you. The goblin hits you with a +0 mace!
Ouch! That really hurt!
You die...

#......# #.)....#
###.##.# #..#.#
##.#.# #.#.#
#.#.###
#.....###########
##..#.......@g..#
#..#.#########.#
#..### #.# ....
#.# ###.## #)#
.># #.......# ###
....###.# ##.#.#
#.#.#


You could see a goblin.

Vanquished Creatures
  A giant cockroach (D:1)
  2 goblins (D:1)
3 creatures vanquished.

Notes
Turn   | Place    | Note
-------+----------+-------------------------------------------
     0 | D:1      | cbfl8 the Minotaur Wanderer began the quest for the Orb.
     0 | D:1      | cbfl8 set off with the following items: a +0 club, a +0
                  | robe, a scroll of teleportation; and the following spells
                  | available to memorise: Magic Dart, Sandblast, Slow, Blink,
                  | Call Imp, Conjure Flame, Stone Arrow, Mephitic Cloud
     0 | D:1      | Reached XP level 1. HP: 14/14 MP: 4/4
    19 | D:1      | Found Guibeg's Assorted Antiques.
    35 | D:1      | Learned a level 1 spell: Magic Dart
   185 | D:1      | Slain by a goblin

Illustrated notes

Levels and vault maps discovered:
D:1:      saegor_arrival_simple_a, layout_basic, serial_shops, shop,
          nicolae_diamond_shop, nicolae_diamond_shop

Action                   || total
-------------------------++-------
Melee: Club              ||    13
       Headbutt          ||     2
Armor: Robe              ||     2
Dodge: Dodged            ||     7
